 Dungeon Crawl Stone Soup version 0.21-a0-450-gd87a9b2 (webtiles) character file.

101 Gorice the Poker (level 4, -7/35 HPs)
             Began as a Demonspawn Wanderer on Nov 18, 2017.
             Mangled by Crazy Yiuf
             ... wielding a +4 quarterstaff of chaos
              (11 damage)
             ... on level 2 of the Dungeon.
             The game lasted 00:09:47 (3612 turns).

Gorice the Poker (Demonspawn Wanderer)              Turns: 3612, Time: 00:09:50

Health: -7/35      AC:  8    Str: 12    XL:     4   Next: 48%
Magic:  0/4        EV: 10    Int: 14    God:
Gold:   145        SH:  0    Dex: 13    Spells: 3/3 levels left

rFire    . . .     SeeInvis .   s - +0 trident
rCold    . . .     Gourm    .   (no shield)
rNeg     . . .     Faith    .   l - +1 ring mail
rPois    .         Spirit   +   (no helmet)
rElec    .         Reflect  .   (no cloak)
rCorr    .         Harm     .   (no gloves)
MR       .....                  (no boots)
Stlth    +.........             e - amulet of inaccuracy (curse)
HPRegen  0.11/turn              p - ring of wizardry
MPRegen  0.18/turn              (no ring)

@: lethally poisoned (-7 -> -17), slowed, very slow
A: thin metallic scales 1, magic shield, magic regeneration
a: no special abilities


You were on level 2 of the Dungeon.
You were not hungry.

You visited 1 branch of the dungeon, and saw 3 of its levels.

You collected 145 gold pieces.

Inventory:

Hand Weapons
 a - a +2 spear
 b - a +0 mace
 g - a +0 halberd
 s - a +0 trident (weapon)
Missiles
 j - 32 bolts
 Y - 62 stones (quivered)
Armour
 d - a +0 robe
 l - a +1 ring mail (worn)
Jewellery
 e - a cursed amulet of inaccuracy (around neck)
 p - a ring of wizardry (left hand)
Scrolls
 c - a scroll of teleportation {!r}
 i - 3 scrolls of immolation {!r}
 o - 3 scrolls of enchant armour
Potions
 h - 2 potions of heal wounds {!q}
 k - a potion of brilliance {unknown}
 m - 3 potions of curing
 n - a potion of flight {unknown}
 q - a potion of agility {unknown}
 r - a potion of resistance {unknown}
Comestibles
 f - 2 bread rations {!e}


   Skills:
 - Level 3.0 Fighting
 * Level 4.3 Polearms
 + Level 1.8 Armour
 - Level 1.0 Dodging
 - Level 1.0 Stealth
   Level 1.0 Evocations


You had 3 spell levels left.
You didn't know any spells.

Dungeon Overview and Level Annotations

Branches:
Dungeon (3/15)

Altars:
Cheibriados

Annotations:
D:2 Crazy Yiuf
D:3 Typee's ghost, amateur GnWn


Innate Abilities, Weirdness & Mutations

You are partially covered in thin metallic scales. (AC +2)
When hurt, damage is shared between your health and your magic reserves.
You regenerate magic rapidly.


Message History

Crazy Yiuf shouts!
Found a mace.
Crazy Yiuf yells, "Earwax return to song snail!"
There is an open door here.
You hit Crazy Yiuf.
Crazy Yiuf is moderately wounded.
Crazy Yiuf hits you with a quarterstaff of chaos.
You feel yourself slow down.
Damage: 2 (max 2)
You completely miss Crazy Yiuf.
Crazy Yiuf is moderately wounded.
Crazy Yiuf cries, "Walk!"
Crazy Yiuf closely misses you.
Crazy Yiuf hits you with a quarterstaff of chaos!
Damage: 12 (max 12)
You miss Crazy Yiuf.
Crazy Yiuf is moderately wounded.
Crazy Yiuf closely misses you.
You hit Crazy Yiuf.
Crazy Yiuf is moderately wounded.
Crazy Yiuf hits you with a quarterstaff of chaos.
Crazy Yiuf burns you.
Crazy Yiuf hits you with a quarterstaff of chaos.
* * * LOW HITPOINT WARNING * * *
You are poisoned.
Damage: 4 (max 12)
Your ring mail prevents you from hitting Crazy Yiuf.
Crazy Yiuf is moderately wounded.
You feel sick. Crazy Yiuf hits you but does no damage.
Unknown command.
You feel sick.
Crazy Yiuf screams, "Hah forty-two tortoise!"
Crazy Yiuf hits you with a quarterstaff of chaos.
* * * LOW HITPOINT WARNING * * *
You are lethally poisoned!
Damage: 2 (max 12)
* * * LOW HITPOINT WARNING * * *
You feel sick.
Crazy Yiuf screams, "Sif Muna!
Flower mobile fast."
Damage: 2 (max 12)
* * * LOW HITPOINT WARNING * * *
You feel sick.
Damage: 2 (max 12)
* * * LOW HITPOINT WARNING * * *
You feel sick.
Crazy Yiuf yells, "Action Xom mumblescurry!"
Crazy Yiuf hits you with a quarterstaff of chaos!
* * * LOW HITPOINT WARNING * * *
Space warps horribly around you!
You die...

##.#.## ###....#
#.###.#####)...##
.## ##.#........#
#.###..#.#####..##
##.#.#.#.# #....#
###......# ♣....♣
####...#.# ♣♣...♣
.........# ♣♣.♣♣
####.###.# ♣♣@♣
### # #.# #.# ♣g♣♣
#.# #.# #.# ♣♣.♣
#.# #.# #.# ♣.♣♣
#.# #.# #.# #'#
#.# ##.###.# #...#
#.# ###...##.#
#...# #.#########
#...#..#.# #)..#
#.........#
#.#....#.# #####
#########.#


You could see Crazy Yiuf.

Vanquished Creatures
  3 gnolls
  An adder (D:3)
  2 worms
  2 dart slugs
  A leopard gecko (D:1)
  4 orcs (D:3)
  2 giant cockroaches
  5 hobgoblins
  2 jackals (D:3)
  2 quokkas
  6 bats
  3 frilled lizards
  3 goblins (D:1)
  6 kobolds
  6 rats
48 creatures vanquished.

Notes
Turn   | Place    | Note
-------+----------+-------------------------------------------
     0 | D:1      | Gorice the Demonspawn Wanderer began the quest for the Orb.
     0 | D:1      | Gorice set off with: a +2 spear, a +0 mace, a scroll of teleportation {!r}, a +0 robe, a bread ration {!e}
     0 | D:1      | Reached XP level 1. HP: 18/18 MP: 1/1
    41 | D:1      | Reached skill level 2 in Polearms
   227 | D:1      | Gained mutation: You are partially covered in thin metallic scales. (AC +2) [demonic ancestry]
   227 | D:1      | Reached XP level 2. HP: 24/24 MP: 2/2
   801 | D:2      | Reached skill level 3 in Polearms
   814 | D:1      | Gained mutation: When hurt, damage is shared between your health and your magic reserves. [demonic ancestry]
   814 | D:1      | Reached XP level 3. HP: 18/29 MP: 3/3
  1280 | D:2      | Found a runed door.
  1463 | D:2      | Found a snail-covered altar of Cheibriados.
  1899 | D:3      | Noticed Typee's ghost (amateur GnWn)
  2124 | D:3      | Gained mutation: You regenerate magic rapidly. [demonic ancestry]
  2124 | D:3      | Reached XP level 4. HP: 35/35 MP: 4/4
  2146 | D:3      | Reached skill level 4 in Polearms
  2952 | D:3      | HP: 7/35 [Typee's ghost (6)]
  2955 | D:3      | HP: 1/35 [Typee's ghost (6)]
  2961 | D:3      | HP: 8/35 [Typee's ghost (5)]
  2967 | D:3      | HP: 7/35 [Typee's ghost (2)]
  3602 | D:2      | Noticed Crazy Yiuf
  3612 | D:2      | HP: 9/35 [poisoned by Crazy Yiuf]
  3612 | D:2      | HP: 4/35 [Crazy Yiuf/quarterstaff of chaos (5)]
  3612 | D:2      | Mangled by Crazy Yiuf

Vault maps used:
D:1:      lightli_arrival_isolated_outpost, solitary_fountain
D:2:      cheibriados_altar_1, uniq_crazy_yiuf_cottage
D:3:      wad_pebble_path, glass_columns_b

Skill      XL: |  1  2  3  4 |
---------------+-------------+-----
Polearms       | 2 3 4 |  4.3
Fighting       | |  3.0
Armour         | |  1.8
Dodging        | |  1.0
Stealth        | |  1.0
Evocations     | |  1.0

Action                   |  1- 3 |  4- 6 || total
-------------------------+-------+-------++-------
Melee: Spear             |   150 |    84 ||   234
       Halberd           |       |    27 ||    27
       Trident           |       |    20 ||    20
  Use: Scroll            |     5 |     1 ||     6
       Potion            |       |     1 ||     1
 Stab: Sleeping          |     1 |       ||     1
  Eat: Chunk             |     4 |     2 ||     6
       Bread ration      |       |     1 ||     1
Armor: Robe              |     3 |       ||     3
       Ring mail         |    39 |    40 ||    79
Dodge: Dodged            |    56 |    58 ||   114

Table legend:
 A = Spawn XP
 B = Non-spawn XP
 C = Spawn XP percentage of total XP
 D = Spawn monster count
 E = Non-spawn monster count
 F = Spawn count percentage of total count
 G = Total turns spent on level
                    A         B        C        D         E        F      G
               +---------+---------+-------+---------+---------+-------+---------
         Total |       0 |     145 |   0.0 |       0 |      48 |   0.0 |  3612
               +---------+---------+-------+---------+---------+-------+---------
           D:1 |       0 |      55 |   0.0 |       0 |      18 |   0.0 |  1024
           D:2 |       0 |      34 |   0.0 |       0 |      11 |   0.0 |  1654
           D:3 |       0 |      56 |   0.0 |       0 |      19 |   0.0 |   934
               +---------+---------+-------+---------+---------+-------+---------

Table legend:
 A = Turns spent in this place as a percentage of turns spent in the entire game.
 B = Non-inter-level travel turns spent in this place as a percentage of non-inter-level travel turns spent in the entire game.
 C = Inter-level travel turns spent in this place as a percentage of turns spent in this place.
 D = Turns resting spent in this place as a percentage of non-inter-level travel turns spent in this place.
 E = Turns spent auto-exploring this place as a percentage of non-inter-level travel turns spent in this place.
 F = Non-inter-level travel turns spent in this place divided by the number of levels of this place that you've seen.
                   A       B       C       D       E      F
               +-------+-------+-------+-------+-------+----------------------
         Total | 100.0 | 100.0 |   4.8 |  37.7 |  33.3 | 1146.3
       Dungeon | 100.0 | 100.0 |   4.8 |  37.7 |  33.3 | 1146.3
               +-------+-------+-------+-------+-------+----------------------

Vault maps used:
D:1:      lightli_arrival_isolated_outpost, solitary_fountain
D:2:      cheibriados_altar_1, uniq_crazy_yiuf_cottage
D:3:      wad_pebble_path, glass_columns_b
